 Dungeon Crawl Stone Soup version 0.28.0-47-ge53b351184 (webtiles) character file.

Game seed: 4760638889937568579

15951 pkoi the Destroyer (level 11, 0/82 HPs)
             Began as a Demigod Conjurer on May 5, 2022.
             Slain by a seven-headed hydra (12 damage)
             ... on level 3 of the Lair of Beasts.
             The game lasted 00:33:11 (22804 turns).

pkoi the Destroyer (Demigod Conjurer)              Turns: 22804, Time: 00:33:12

Health: 0/82       AC: 10    Str:  8    XL:     11   Next: 75%
Magic:  6/21       EV: 14    Int: 32    God:
Gold:   363        SH:  5    Dex: 18    Spells: 3/19 levels left

rFire   + . .      SeeInvis +   m - +9 lance "Wyrmbane" {slay drac, rPois rF+ rC+ AC+3}
rCold   + . .      Faith    .   (no shield)
rNeg    . . .      Spirit   .   k - +0 steam dragon scales
rPois   +          Reflect  +   v - +0 hat
rElec   .          Harm     .   (no cloak)
rCorr   .          Rampage  .   f - +0 pair of gloves
Will    +....                   j - +0 pair of boots
Stlth   ++........              d - amulet of reflection
HPRegen 0.23/turn               e - ring of see invisible
MPRegen 0.17/turn               G - +6 ring of dexterity

@: no status effects
A: high MP 1, forlorn, divine attributes
a: no special abilities


You were on level 3 of the Lair of Beasts.
You visited 2 branches of the dungeon, and saw 13 of its levels.

You collected 662 gold pieces.
You spent 299 gold pieces at shops.

Inventory:

Hand Weapons
 m - the +9 lance "Wyrmbane" (weapon) {slay drac, rPois rF+ rC+ AC+3}
   (You took it off Maggie on level 8 of the Dungeon)

   It inflicts extra damage against dragons and draconians.
   AC:        It affects your AC (+3).
   rF:        It protects you from fire.
   rC:        It protects you from cold.
   rPois:     It protects you from poison.
 n - a +2 whip of electrocution
 s - a +3 dagger of venom
Missiles
 g - 3 throwing nets
 i - 2 curare-tipped darts
Armour
 a - a +1 robe
 f - a +0 pair of gloves (worn)
 j - a +0 pair of boots (worn)
 k - +0 steam dragon scales (worn)
 v - a +0 hat (worn)
Magical Staves
 w - a staff of conjuration
Jewellery
 d - an amulet of reflection (around neck)
 e - a ring of see invisible (left hand)
 t - an amulet of regeneration
 G - a +6 ring of dexterity (right hand)
 H - a +4 ring of evasion
 I - a ring of positive energy
Wands
 h - a wand of iceblast (8)
 q - a wand of acid (3)
 F - a wand of paralysis (13)
Scrolls
 c - 2 scrolls of enchant armour
 l - a scroll of silence
 p - 6 scrolls of teleportation
 r - a scroll of blinking
 u - a scroll of amnesia
 y - 7 scrolls of identify
Potions
 b - 2 potions of might
 o - a potion of invisibility
 x - 3 potions of curing
 z - 3 potions of haste
 A - 2 potions of heal wounds
 C - a potion of flight
 D - a potion of brilliance
 E - a potion of resistance
Miscellaneous
 J - a phantom mirror


   Skills:
 - Level 3.0 Fighting
 + Level 5.0 Polearms
 - Level 3.0 Armour
 - Level 4.0 Dodging
 - Level 1.7 Stealth
 + Level 4.6 Spellcasting
 + Level 10.9 Conjurations
 + Level 7.5 Hexes
 - Level 6.0 Translocations
 - Level 3.0 Air Magic
 - Level 3.0 Poison Magic
 + Level 5.0 Evocations


You had 3 spell levels left.
You knew the following spells:

 Your Spells              Type           Power      Damage    Failure   Level
a - Magic Dart            Conj           100%       1d8       1%          1
b - Searing Ray           Conj           100%       2d8       1%          2
c - Iskenderun's Mystic   Conj/Tloc      57%        2d12      1%          4
d - Fulminant Prism       Conj/Hex       30%        3d16      1%          4
e - Apportation           Tloc           90%        N/A       1%          1
f - Blink                 Tloc           90%        N/A       1%          2
g - Poisonous Vapours     Pois/Air       52%        N/A       2%          2

Your spell library contained the following spells:

 Spells                   Type           Power      Damage    Failure   Level
 Dazzling Flash           Conj/Hex       100%       N/A       1%          3
 Lesser Beckoning         Tloc           45%        N/A       1%          3
 Portal Projectile        Hex/Tloc       100%       N/A       1%          3
 Tukima's Dance           Hex            54%        N/A       1%          3
 Corpse Rot               Necr/Air       32%        N/A       4%          2
 Passage of Golubria      Tloc           45%        N/A       4%          4
 Anguish                  Hex/Necr       15%        N/A       11%         4
 Manifold Assault         Tloc           45%        N/A       13%         5
 Yara's Violent Unravell  Hex/Tmut       15%        3d8       30%         5
 Alistair's Intoxication  Tmut/Pois      10%        N/A       63%         5
 Enfeeble                 Hex            27%        N/A       90%         7


Dungeon Overview and Level Annotations

Branches:
Dungeon (10/15)            Temple (0/1) D:4            Lair (3/6) D:8
 Spider (0/4) Lair:2          Orc (0/2) D:10
  Swamp: Lair:2-4    Shoals: Lair:2-4

Shops:
D:1 :   D:6 (   D:7 !   D:8 *

Annotations:
D:5 2 transporters, bobregger's ghost, amateur OgBe
Lair:3 Fannar


Innate Abilities, Weirdness & Mutations

You have an increased reservoir of magic. (+10% MP)
You shall have no god before yourself.
Your divine heritage dramatically boosts your attributes as you level up.


Message History

Fannar the Cold-Hearted comes into view.
They are wielding a staff of cold and wearing a +2 robe of cold resistance.
Aiming: Corrosive Bolt
Press: ? - help, Shift-Dir - straight line, f - seven-headed hydra
Aim: a seven-headed hydra (heavily wounded, 91% to hit)
The bolt of acid hits the seven-headed hydra!
The acid corrodes the seven-headed hydra!
The seven-headed hydra is heavily wounded.
The bolt of acid misses Fannar.
The seven-headed hydra closely misses you.
The seven-headed hydra barely misses you.
The seven-headed hydra bites you!
* * * LOW HITPOINT WARNING * * *
You block the seven-headed hydra's attack.
The seven-headed hydra bites you but does no damage.
The seven-headed hydra bites you.
* * * LOW HITPOINT WARNING * * *
The seven-headed hydra bites you!
* * * LOW HITPOINT WARNING * * *
Unknown command.
The seven-headed hydra barely misses you.
The seven-headed hydra bites you.
* * * LOW HITPOINT WARNING * * *
The seven-headed hydra closely misses you.
The seven-headed hydra misses you.
The seven-headed hydra bites you but does no damage.
The seven-headed hydra closely misses you.
The seven-headed hydra bites you but does no damage.
Aiming: Corrosive Bolt
Press: ? - help, Shift-Dir - straight line, f/p - seven-headed hydra
Aim: a seven-headed hydra (heavily wounded, covered in acid, 91% to hit)
The bolt of acid hits the seven-headed hydra!
The seven-headed hydra seems to be corroded for longer.
The seven-headed hydra is severely wounded.
The bolt of acid misses Fannar.
The seven-headed hydra bites you.
* * * LOW HITPOINT WARNING * * *
The seven-headed hydra bites you!
* * * LOW HITPOINT WARNING * * *
The seven-headed hydra bites you but does no damage.
The seven-headed hydra misses you. The seven-headed hydra bites you!
You die...

...#####.......#...#P##.....P.#.#
..#...........+............. ...
†##...P.......#......#...........
.##...................#.....#....
.#....#.......#.......+....##...
......#.......+......#.....##...
...#.#.#......P##.###.#P...P#...
.##..#.#......##..###.P...<# #.#
.............e.D@..........#####.
.................)...............
.####.P.####..###.###.#P###.#####
## ##### #### ### # ## ###


You could see Fannar and a seven-headed hydra (corroded).

Vanquished Creatures
  2 hydras
  Harold (D:8)
  2 two-headed ogres
  Pikel (D:8)
  2 centaur zombies (D:10)
  5 cane toads
  5 elephants
  4 komodo dragons
  2 rime drakes
  Maggie (D:8)
  A troll (D:9)
  A hornet (D:9)
  Grinder (D:3)
  A wraith (D:10)
  5 yaks (Lair:2)
  A vampire (D:8)
  3 steam dragons
  3 basilisks
  A warg (D:10)
  An acid dragon (D:9)
  10 water moccasins
  A black bear (Lair:2)
  An ice beast (D:7)
  A sky beast (D:6)
  4 orc warriors
  2 ogres
  2 necrophages
  5 centaurs
  4 lemures (D:8)
  3 kobold brigands
  5 bullfrogs
  A scorpion (D:6)
  2 electric eels (Lair:2)
  A howler monkey (D:9)
  15 wights
  A centaur skeleton (D:4)
  A hound (D:6)
  5 jellies
  6 orc priests
  A bullfrog skeleton (D:6)
  A gnoll shaman (D:8)
  An iguana (D:5)
  7 orc wizards
  A killer bee zombie (D:5)
  A hound zombie (D:5)
  2 howler monkey zombies
  7 adders
  8 gnolls
  A howler monkey skeleton (D:7)
  A white imp (D:7)
  A worm (D:5)
  3 dart slugs
  47 orcs
  4 ball pythons
  6 bats
  10 endoplasms
  4 giant cockroaches
  7 goblins
  11 hobgoblins
  3 jackals (D:2)
  6 quokkas
  3 frilled lizards (D:1)
  36 kobolds
  4 rats
289 creatures vanquished.

Vanquished Creatures (others)
  An adder (D:6)
  2 kobolds (D:4)
  107 fulminant prisms
  4 fungi
  78 plants
192 creatures vanquished.

Grand Total: 481 creatures vanquished

Notes
Turn   | Place    | Note
-------+----------+-------------------------------------------
     0 | D:1      | pkoi the Demigod Conjurer began the quest for the Orb.
     0 | D:1      | Reached XP level 1. HP: 14/14 MP: 5/5
   331 | D:1      | Reached skill level 4 in Conjurations
   394 | D:1      | Reached XP level 2. HP: 20/20 MP: 4/7
   397 | D:1      | Learned a level 2 spell: Searing Ray
   584 | D:1      | Found Deomu's Book Emporium.
  1276 | D:1      | Reached XP level 3. HP: 26/26 MP: 4/8
  1851 | D:2      | Reached skill level 1 in Translocations
  2198 | D:2      | Reached skill level 1 in Hexes
  3010 | D:3      | Noticed a necrophage
  3025 | D:3      | Killed a necrophage
  3026 | D:3      | Reached skill level 5 in Conjurations
  3026 | D:3      | Reached XP level 4. HP: 29/33 MP: 0/9
  3389 | D:3      | Reached XP level 5. HP: 34/38 MP: 2/10
  3839 | D:3      | Noticed Grinder
  3850 | D:3      | Killed Grinder
  3851 | D:3      | Reached XP level 6. HP: 32/45 MP: 1/11
  4506 | D:3      | Learned a level 4 spell: Iskenderun's Mystic Blast
  4631 | D:4      | Reached skill level 6 in Conjurations
  5560 | D:4      | Reached XP level 7. HP: 50/50 MP: 3/13
  6099 | D:4      | Found a staircase to the Ecumenical Temple.
  6862 | D:5      | Entered Level 5 of the Dungeon
  6934 | D:5      | Found a transporter.
  7019 | D:5      | Found a transporter.
  7022 | D:5      | Noticed bobregger's ghost (amateur OgBe)
  7277 | D:5      | Learned a level 4 spell: Fulminant Prism
  7573 | D:5      | Reached skill level 7 in Conjurations
  8195 | D:6      | Reached XP level 8. HP: 20/57 MP: 4/15
  8708 | D:6      | Found Jyruthry's Weapon Shoppe.
  9984 | D:6      | Reached skill level 8 in Conjurations
 10322 | D:6      | Got Fodwyr's Disquisition on Orientation
 11026 | D:7      | Found Gulen's Distillery.
 11036 | D:7      | Bought a potion of curing for 39 gold pieces
 11036 | D:7      | Bought 2 potions of haste for 260 gold pieces
 11088 | D:7      | Reached skill level 1 in Fighting
 11147 | D:7      | Noticed a two-headed ogre
 11167 | D:7      | Killed a two-headed ogre
 11168 | D:7      | Reached skill level 1 in Armour
 11168 | D:7      | Reached XP level 9. HP: 18/66 MP: 1/18
 11396 | D:7      | Learned a level 1 spell: Apportation
 11399 | D:7      | Learned a level 2 spell: Blink
 11402 | D:7      | Learned a level 2 spell: Poisonous Vapours
 12382 | D:8      | Noticed Harold
 12397 | D:8      | Killed Harold
 12398 | D:8      | Reached skill level 5 in Hexes
 12398 | D:8      | Reached skill level 5 in Translocations
 12398 | D:8      | Reached skill level 1 in Air Magic
 12398 | D:8      | Reached skill level 1 in Poison Magic
 13378 | D:8      | Noticed Pikel
 13385 | D:8      | Killed Pikel
 13625 | D:8      | Noticed a komodo dragon
 13694 | D:8      | Killed a komodo dragon
 13695 | D:8      | Reached skill level 9 in Conjurations
 13695 | D:8      | Reached XP level 10. HP: 74/74 MP: 5/19
 13799 | D:8      | Noticed Maggie
 13805 | D:8      | Killed Maggie
 14171 | D:8      | Found Zin's Purification Station.
 14542 | D:8      | Found a staircase to the Lair.
 15561 | D:9      | Reached skill level 1 in Polearms
 15975 | D:9      | Noticed a two-headed ogre
 15982 | D:9      | Killed a two-headed ogre
 17079 | D:10     | Entered Level 10 of the Dungeon
 17864 | D:10     | Found a staircase to the Orcish Mines.
 18755 | Lair:1   | Entered Level 1 of the Lair of Beasts
 18947 | Lair:1   | Noticed a five-headed hydra
 18967 | Lair:1   | Reached skill level 10 in Conjurations
 18981 | Lair:1   | Killed a five-headed hydra
 18982 | Lair:1   | Reached XP level 11. HP: 82/82 MP: 0/20
 21399 | Lair:2   | Got Zoruxok's Grimoire of the Captivating Voyage
 21976 | Lair:2   | Found a hole to the Spider Nest.
 22359 | Lair:3   | Noticed an eight-headed hydra
 22368 | Lair:3   | Killed an eight-headed hydra
 22563 | Lair:3   | Reached skill level 5 in Evocations
 22768 | Lair:3   | Noticed a seven-headed hydra
 22776 | Lair:3   | Reached skill level 5 in Polearms
 22784 | Lair:3   | Noticed Fannar
 22804 | Lair:3   | Slain by a seven-headed hydra

Illustrated notes

Levels and vault maps discovered:
D:1:      dpeg_arrival_round_a, layout_basic, basic_ecumenical_altar,
          serial_shops, nicolae_shop_trees, nrook_campfire, minmay_tetromino_s4
D:2:      layout_loops_ring
D:3:      layout_rooms, hangedman_ru_absence, uniq_grinder
D:4:      kennysheep_kobold_camp, layout_basic,
          mainiacjoe_overflow_small_starburst, minmay_temple_entry_large_hall,
          roderic_lattice_a, minmay_door_square
D:5:      layout_basic, gammafunk_ghost_mausoleum
D:6:      layout_basic, serial_shops, nicolae_shop_statue_plus
D:7:      layout_basic, serial_shops, nicolae_shop_waterfront
D:8:      layout_gridville, zin_purify, mainiacjoe_overflow_surrounded_room,
          david_lair_shrubbed, roderic_roman_lattice,
          ebering_dispersal_statue_hall, uniq_pikel, uniq_maggie, uniq_harold
D:9:      layout_grid_maze, chequers_serial_rivers_micro_b
D:10:     layout_roguey, old_standard_altar, gammafunk_temple_overflow_claw,
          david_orc_3, amcnicky_mini_rare_corridor_liquid
Lair:1:   layout_misc_corridors, serial_rivers, chequers_serial_rivers_room_b,
          chequers_serial_rivers_large_a, chequers_serial_rivers_micro_a,
          chequers_serial_rivers_micro_e, chequers_serial_rivers_small_3,
          chequers_serial_rivers_large_b, serial_bayou_shore_a
Lair:2:   layout_hall_layers, dummy_spider_entry, beast_lair_carwin_9,
          serial_bayou_shore_b, infiniplex_staircase_pool
Lair:3:   layout_regular_city, nicolae_swamp_entry_splash_gauntlet,
          enter_volcano_2, uniq_fannar

Skill      XL: |  1  2  3  4  5  6  7  8  9 10 11 |
---------------+----------------------------------+-----
Conjurations   | 4 5 6 7 8 9 10 | 10.9
Translocations | 1 2 3 4 5 6 |  6.0
Hexes          | 1 2 3 4 5 6 7 |  7.5
Spellcasting   | 2 3 4 |  4.6
Dodging        | 2 3 4 |  4.0
Fighting       | 1 2 3 |  3.0
Armour         | 1 2 3 |  3.0
Evocations     | 2 3 5 |  5.0
Air Magic      | 1 3 |  3.0
Poison Magic   | 1 3 |  3.0
Polearms       | 2 5 |  5.0
Stealth        | |  1.7

Action                   |  1- 3 |  4- 6 |  7- 9 | 10-12 || total
-------------------------+-------+-------+-------+-------++-------
Melee: Short sword       |     7 |    33 |     6 |       ||    46
       Punch             |       |     1 |       |     2 ||     3
       Dagger            |       |       |     6 |       ||     6
       Staff             |       |       |    13 |       ||    13
       Lance             |       |       |       |    96 ||    96
 Cast: Magic Dart        |   118 |    60 |    94 |    50 ||   322
       Searing Ray       |     1 |     8 |     7 |     1 ||    17
       Iskenderun's Myst |       |       |    30 |    59 ||    89
       Fulminant Prism   |       |       |    42 |    65 ||   107
Evoke: Wand              |       |       |     3 |     5 ||     8
  Use: Scroll            |     1 |     3 |    10 |     4 ||    18
       Potion            |       |     2 |     1 |     1 ||     4
Armor: Robe              |     3 |     1 |     9 |       ||    13
       Skin              |       |    35 |       |       ||    35
       Steam dragon scal |       |       |     1 |    39 ||    40
Dodge: Dodged            |    10 |    14 |    39 |    89 ||   152
Block: Other             |     2 |    12 |     8 |    31 ||    53
       Reflection        |     1 |       |       |     3 ||     4
